 Dungeon Crawl Stone Soup version 0.28.0-62-gf88900778d (webtiles) character file.

Game seed: 1857583164308486985

23530 cbfl8 the Cleaver (level 12, -1/107 HPs)
             Began as a Minotaur Berserker on May 18, 2023.
             Was an Elder of Trog.
             Killed from afar by a gargoyle (5 damage)
             ... with a stone arrow
             ... on level 11 of the Dungeon.
             The game lasted 00:11:32 (9979 turns).

cbfl8 the Cleaver (Minotaur Berserker)              Turns: 9979, Time: 00:11:32

Health: -1/107     AC: 18    Str: 29    XL:     12   Next: 72%
Magic:  11/11      EV: 10    Int:  4    God:    Trog [****..]
Gold:   541        SH:  0    Dex: 14    Spells: 11/11 levels left

rFire   + + .      SeeInvis .   m - +0 war axe
rCold   . . .      Faith    .   (no shield)
rNeg    . . .      Spirit   .   A - +0 plate armour
rPois   .          Reflect  .   e - +0 hat
rElec   .          Harm     .   z - scarf {rC+ rF+}
rCorr   .          Rampage  .   x - +0 pair of gloves
Will    .....                   t - +0 pair of boots
Stlth   ..........              k - amulet of regeneration
HPRegen 1.07/turn               d - +6 ring of strength
MPRegen 0.12/turn               r - ring of fire

@: on berserk cooldown, slowed, very slow
A: horns 2, retaliatory headbutt
a: Renounce Religion, Berserk, Trog's Hand, Brothers in Arms


You were on level 11 of the Dungeon.
You worshipped Trog.
Trog was greatly pleased with you.
You visited 1 branch of the dungeon, and saw 11 of its levels.
You also visited: Bailey.

You collected 726 gold pieces.
You spent 185 gold pieces at shops.

Inventory:

Hand Weapons
 m - a +0 war axe (weapon)
 G - a +0 broad axe
Missiles
 w - 3 throwing nets
Armour
 e - a +0 hat (worn)
 t - a +0 pair of boots (worn)
 x - a +0 pair of gloves (worn)
 z - a scarf of resistance (worn)
 A - a +0 plate armour (worn)
Jewellery
 d - a +6 ring of strength (left hand)
 k - an amulet of regeneration (around neck)
 r - a ring of fire (right hand)
 I - the ring of Xom's Best Wishes {rCorr MP+9 Int-5 Dex+6}
   (You found it in a bailey)

   [ring of dexterity]

   Int:       It affects your intelligence (-5).
   Dex:       It affects your dexterity (+6).
   MP:        It affects your magic capacity (+9).
   rCorr:     It protects you from acid and corrosion.
Wands
 c - a wand of iceblast (11)
 n - a wand of charming (12) (quivered)
 q - a wand of flame (33)
 B - a wand of polymorph (9)
Scrolls
 a - 2 scrolls of fear
 f - 5 scrolls of fog
 h - a scroll of magic mapping {unknown}
 i - 5 scrolls of teleportation
 l - 4 scrolls of enchant armour
 o - 2 scrolls of immolation
 y - a scroll of holy word
 C - a scroll of blinking {unknown}
 D - 3 scrolls of noise {unknown}
 H - 3 scrolls of vulnerability {unknown}
Potions
 b - 4 potions of curing
 g - 3 potions of brilliance {unknown}
 j - a potion of attraction {unknown}
 p - 2 potions of heal wounds {unknown}
 s - 2 potions of degeneration {unknown}
 u - 4 potions of might {unknown}
 v - 2 potions of ambrosia {unknown}
 E - a potion of invisibility {unknown}
 F - a potion of haste
 J - a potion of mutation {unknown}


   Skills:
 + Level 10.3 Fighting
 + Level 14.9 Axes
 + Level 12.1 Armour
 + Level 4.9 Dodging
 + Level 3.1 Stealth
 + Level 3.1 Shields
 * Level 8.3 Evocations


You had 11 spell levels left.
You didn't know any spells.
Your spell library was empty.

Dungeon Overview and Level Annotations

Branches:
Dungeon (11/15)            Temple (0/1) D:5            Lair (0/6) D:11
    Orc (0/2) D:10         Bailey (visited)

Altars:
Ashenzari
Cheibriados
Hepliaklqana
Kikubaaqudgha
Makhleb
Ru
Trog
Wu Jian
Xom

Shops:
D:6 !   D:11 *


Innate Abilities, Weirdness & Mutations

You have a pair of horns on your head.
You reflexively headbutt those who attack you in melee.


Message History

The stone arrow hits you.
* * * LOW HITPOINT WARNING * * *
The yak gores you but does no damage.
You are no longer berserk.
You feel yourself slow down. The elephant tramples you.
* * * LOW HITPOINT WARNING * * *
You hold your ground!
The elephant trunk-slaps you.
* * * LOW HITPOINT WARNING * * *
The gargoyle hits you but does no damage.
The yak gores you!
* * * LOW HITPOINT WARNING * * *
You turn to flesh and can move again.
You slice the elephant!!
You kill the elephant!
Trog accepts your kill.
You hit the yak. You hit the gargoyle but do no damage.
The gargoyle hurls a stone arrow at you.
The stone arrow hits you but does no damage.
The yak gores you!
* * * LOW HITPOINT WARNING * * *
As you read the scroll of fear, it crumbles to dust.
You assume a fearsome visage.
The yak looks frightened!
The gargoyle is unaffected.
The gargoyle hits you but does no damage.
The gargoyle closely misses you. You furiously retaliate!
You headbutt the gargoyle.
Unknown command.
Aiming: Charm
Press: ? - help, Q - select action, (/) - cycle Shift-Dir - straight line, f - gargoyle
Aim: a gargoyle, wielding a +0 mace (lightly damaged, chance to affect: 50%)
The gargoyle resists with significant effort.
The gargoyle hits you with a +0 mace!
* * * LOW HITPOINT WARNING * * *
Aiming: Charm
Press: ? - help, Q - select action, (/) - cycle Shift-Dir - straight line, f/p - gargoyle
Aim: a gargoyle, wielding a +0 mace (lightly damaged, chance to affect: 50%)
The gargoyle resists with significant effort.
The gargoyle hurls a stone arrow at you.
The stone arrow hits you.
You die...

####################
.........#..........
.........#..........
.........#..........
.........#..........
.........#........>.
.......:.###'########
................@†<.#
...............††9..#
....................#
............Y.......#
###############.....##
........#............#
........#............#
........#............#
........#....####.....#


You could see a yak (fleeing) and a gargoyle.

Vanquished Creatures
  An orc warlord (Bailey)
  Harold (D:10)
  3 two-headed ogres
  Nergalle (D:11)
  Pikel (D:9)
  An orc knight (Bailey)
  2 cyclopes
  An elephant (D:11)
  3 trolls
  A meliai zombie (D:11)
  15 yaks
  Eustachio (D:5)
  2 basilisks (D:11)
  4 vampire mosquitoes (D:11)
  2 wargs (D:10)
  An acid dragon (D:8)
  2 water moccasins
  2 necrophages
  An ice beast (D:4)
  6 orc warriors
  A black bear (D:4)
  2 ogres
  A phantom (D:5)
  3 centaurs
  A lemure (D:9)
  A kobold brigand (D:7)
  A bullfrog (D:7)
  3 scorpions
  A wyvern skeleton (D:7)
  3 killer bees (D:10)
  10 wights
  5 howler monkeys
  3 jellies
  A crimson imp (D:9)
  A centaur zombie (D:9)
  10 orc priests
  A gnoll shaman (D:9)
  3 hounds
  An iron imp (D:8)
  A bullfrog skeleton (D:5)
  5 iguanas
  12 orc wizards
  A killer bee zombie (D:8)
  A hound skeleton (D:5)
  A howler monkey zombie (D:8)
  A howler monkey skeleton (D:3)
  4 adders
  16 gnolls
  A shadow imp (D:8)
  A white imp (D:6)
  An adder skeleton (D:4)
  A worm (D:3)
  38 orcs
  4 ball pythons
  4 bats
  7 endoplasms
  2 giant cockroaches
  7 goblins
  10 hobgoblins
  3 frilled lizards
  14 kobolds
  A rat (D:2)
239 creatures vanquished.

Vanquished Creatures (collateral kills)
  A hobgoblin (Bailey)
1 creature vanquished.

Vanquished Creatures (others)
  2 plants (D:9)
2 creatures vanquished.

Grand Total: 242 creatures vanquished

Notes
Turn   | Place    | Note
-------+----------+-------------------------------------------
     0 | D:1      | cbfl8 the Minotaur Berserker began the quest for the Orb.
     0 | D:1      | Reached XP level 1. HP: 19/19 MP: 0/0
    50 | D:1      | Found a faded altar of an unknown god.
   504 | D:1      | Reached skill level 4 in Axes
   995 | D:2      | Reached XP level 2. HP: 25/27 MP: 1/1
  1631 | D:3      | Found an ornate altar of the Wu Jian Council.
  1658 | D:3      | Noticed a scorpion
  1661 | D:3      | Reached XP level 3. HP: 27/33 MP: 2/2
  1665 | D:3      | Killed a scorpion
  1666 | D:3      | Reached XP level 4. HP: 41/41 MP: 3/3
  1907 | D:3      | Reached skill level 5 in Axes
  2221 | D:3      | Reached ** piety under Trog
  2222 | D:3      | Reached XP level 5. HP: 45/47 MP: 4/4
  3035 | D:4      | Reached skill level 6 in Axes
  3054 | D:4      | Noticed an ice beast
  3064 | D:4      | Noticed a black bear
  3065 | D:4      | Killed an ice beast
  3066 | D:4      | Reached XP level 6. HP: 55/55 MP: 5/5
  3080 | D:4      | Reached skill level 5 in Fighting
  3202 | D:4      | Reached skill level 7 in Axes
  3980 | D:5      | Entered Level 5 of the Dungeon
  4025 | D:5      | Reached XP level 7. HP: 13/61 MP: 6/6
  4108 | D:5      | Reached skill level 5 in Armour
  4108 | D:5      | Reached skill level 1 in Evocations
  4254 | D:5      | You fall into a shaft and drop 1 floor!
  4254 | D:6      | Found a bloodstained altar of Trog.
  4340 | D:6      | Reached skill level 8 in Axes
  4449 | D:6      | Found Melyowk's Distillery.
  4683 | D:5      | Found a staircase to the Ecumenical Temple.
  4688 | D:5      | Noticed a troll
  4696 | D:5      | Reached XP level 8. HP: 70/70 MP: 7/7
  4699 | D:5      | Killed a troll
  4753 | D:5      | Noticed Eustachio
  4757 | D:5      | Killed Eustachio
  4758 | D:5      | Reached skill level 1 in Stealth
  4800 | D:5      | Reached skill level 9 in Axes
  6014 | D:7      | Reached XP level 9. HP: 65/78 MP: 8/8
  6152 | D:7      | Noticed a cyclops
  6158 | D:7      | Killed a cyclops
  6159 | D:7      | Reached skill level 10 in Axes
  6850 | D:8      | Found a snail-covered altar of Cheibriados.
  6912 | D:8      | Found a sacrificial altar of Ru.
  7342 | D:9      | Noticed a two-headed ogre
  7348 | D:9      | Killed a two-headed ogre
  7349 | D:9      | Reached skill level 11 in Axes
  7349 | D:9      | Reached skill level 5 in Evocations
  7409 | D:9      | Noticed a two-headed ogre
  7417 | D:9      | Killed a two-headed ogre
  7418 | D:9      | Reached XP level 10. HP: 80/88 MP: 9/9
  7496 | D:9      | Noticed Pikel
  7513 | D:9      | Killed Pikel
  7551 | D:9      | Reached *** piety under Trog
  7672 | D:9      | Reached skill level 12 in Axes
  7689 | D:9      | Reached skill level 10 in Armour
  7941 | D:9      | Found a broken altar of Ashenzari.
  8054 | D:9      | Found a shimmering altar of Xom.
  8054 | D:9      | Found a burning altar of Makhleb.
  8125 | D:10     | Entered Level 10 of the Dungeon
  8125 | D:10     | Noticed a two-headed ogre
  8132 | D:10     | Killed a two-headed ogre
  8160 | D:10     | Found an ancient bone altar of Kikubaaqudgha.
  8219 | D:10     | Reached skill level 13 in Axes
  8225 | D:10     | Found a staircase to the Orcish Mines.
  8228 | D:10     | Reached **** piety under Trog
  8240 | D:10     | Reached XP level 11. HP: 95/95 MP: 10/10
  8267 | D:10     | Noticed Harold
  8335 | D:10     | Killed Harold
  8422 | D:10     | Found a flagged portal.
  8443 | Bailey   | Entered a bailey
  8448 | Bailey   | Noticed an orc warlord
  8512 | Bailey   | Noticed an orc knight
  8526 | Bailey   | Killed an orc knight
  8564 | Bailey   | Found a runed translucent gate.
  8567 | Bailey   | Found a runed translucent gate.
  8570 | Bailey   | Found a runed translucent gate.
  8761 | Bailey   | Killed an orc warlord
  8762 | Bailey   | Reached skill level 14 in Axes
  8820 | Bailey   | Identified the ring of Xom's Best Wishes {rCorr MP+9 Int-5
                  | Dex+6}
  8830 | Bailey   | Reached XP level 12. HP: 106/106 MP: 11/11
  9369 | D:10     | Found a hazy altar of Hepliaklqana.
  9412 | D:11     | Found Qeydd's Assorted Antiques.
  9416 | D:11     | Bought a scroll of identify for 74 gold pieces
  9416 | D:11     | Bought a scroll of teleportation for 111 gold pieces
  9461 | D:11     | Noticed Nergalle
  9472 | D:11     | Killed Nergalle
  9473 | D:11     | Reached skill level 10 in Fighting
  9948 | D:11     | Found a staircase to the Lair.
  9978 | D:11     | HP: 3/107 [gargoyle/+0 mace (14)]
  9979 | D:11     | Killed from afar by a gargoyle

Illustrated notes

Levels and vault maps discovered:
D:1:      onia_arrival_mini_spirals, layout_loops_corners,
          ebering_ecumenical_altar_abandoned
D:2:      layout_basic
D:3:      layout_loops_corners, general_overflow_altar
D:4:      layout_layer_cave, minmay_pentangle
D:5:      layout_loops_cross, minmay_temple_entry_hall, uniq_eustachio
D:6:      layout_basic, mainiacjoe_overflow_small_starburst, serial_shops,
          nicolae_stop_n_shop_2
D:7:      layout_loops_ring
D:8:      layout_loops_cross, nicolae_ru_path_of_blood, slow_altar_2
D:9:      layout_loops_ring, cheibrodos_ashenzari_chains,
          grunt_temple_overflow_champion_of_chaos, serial_bayou_pond_a,
          uniq_pikel
D:10:     layout_roguey, mainiacjoe_overflow_chevrons,
          nzn_hepliaklqana_mist_gate, erik_orc_4, lightli_bailey_entry_fortress,
          uniq_harold
D:11:     layout_grid_maze, david_lair_generic, serial_shops,
          nicolae_shop_statue_plus, uniq_nergalle

Skill      XL: |  1  2  3  4  5  6  7  8  9 10 11 12 |
---------------+-------------------------------------+-----
Axes           | 4 5 6 7 8 9 11 13 14 | 14.9
Fighting       | 4 5 6 7 8 9 10 | 10.3
Armour         | 3 4 5 7 9 10 11 12 | 12.1
Dodging        | 3 4 |  4.9
Evocations     | 1 3 5 6 8 |  8.3
Stealth        | 1 3 |  3.1
Shields        | 3 |  3.1

Action                   |  1- 3 |  4- 6 |  7- 9 | 10-12 || total
-------------------------+-------+-------+-------+-------++-------
Melee: Hand axe          |    41 |    77 |       |       ||   118
       Headbutt          |     4 |    22 |    38 |    59 ||   123
       Punch             |     1 |     2 |     2 |     6 ||    11
       War axe           |       |    52 |   179 |   310 ||   541
Invok: Berserk           |     1 |     2 |     4 |     5 ||    12
       Trog's Hand       |       |     1 |       |     1 ||     2
       Brothers in Arms  |       |       |       |     1 ||     1
Evoke: Wand              |       |       |       |     2 ||     2
  Use: Scroll            |       |       |     5 |     7 ||    12
       Potion            |       |       |       |     1 ||     1
Armor: Animal skin       |     3 |       |       |       ||     3
       Ring mail         |     6 |       |       |       ||     6
       Chain mail        |    12 |    82 |    51 |       ||   145
       Plate armour      |       |       |    28 |   208 ||   236
Dodge: Dodged            |    20 |    66 |    69 |   140 ||   295
